| TOP OF THE 1ST |
|
Montego Bay Reefers batting - Pitching for Managua Lagoon Monsters : RHP Danny Ruiz
|
|
Pitching: RHP Danny Ruiz
|
|
|
Batting: LHB Dion James
|
0-0: Ball 1-0: Foul Ball, location: 2F 1-1: Foul Ball, location: 2F 1-2: Strikes out swinging
|
|
Batting: RHB Darryl Motley
|
0-0: Called Strike 0-1: Ball 1-1: Fly out, F4 (Line Drive, 4, EV 66.3 MPH)
|
|
Batting: SHB Mickey Tettleton
|
0-0: Called Strike 0-1: Foul Ball, location: 2F 0-2: Fly out, F8 (Flyball, 8LD, EV 105.0 MPH)
|
| Top of the 1st over - 0 runs, 0 hits, 0 errors, 0 left on base; Montego Bay 0 - Managua 0 |
| BOTTOM OF THE 1ST |
|
Managua Lagoon Monsters batting - Pitching for Montego Bay Reefers : RHP Marcos Cortez
|
|
Pitching: RHP Marcos Cortez
|
|
|
Batting: LHB John D Morris
|
0-0: Ball 1-0: Ball 2-0: Ball 3-0: Called Strike 3-1: Fly out, F7 (Line Drive, 7D, EV 91.3 MPH)
|
|
Batting: RHB Ivan Calderon
|
0-0: Ball 1-0: Foul Ball, location: 2F 1-1: Foul Ball, location: 2F 1-2: Ball 2-2: Ball 3-2: Fly out, F7 (Flyball, 7LM, EV 77.5 MPH)
|
|
Batting: LHB Tom Lombarski
|
0-0: Called Strike 0-1: Ball 1-1: Ground out 4-3 (Groundball, 4, EV 90.6 MPH)
|
| Bottom of the 1st over - 0 runs, 0 hits, 0 errors, 0 left on base; Montego Bay 0 - Managua 0 |
| TOP OF THE 2ND |
|
Montego Bay Reefers batting - Pitching for Managua Lagoon Monsters : RHP Danny Ruiz
|
|
Batting: RHB Jim Presley
|
0-0: Swinging Strike 0-1: Swinging Strike 0-2: Ball 1-2: Fly out, F8 (Flyball, 89M, EV 95.0 MPH)
|
|
Batting: RHB Alvaro Espinoza
|
0-0: Called Strike 0-1: Ball 1-1: Ball 2-1: Foul Ball, location: 2F 2-2: Strikes out looking
|
|
Batting: LHB Alex Castaneda
|
0-0: SINGLE (Line Drive, 8RS, EV 95.0 MPH)
|
|
Batting: LHB Matt Hall
|
0-0: Called Strike 0-1: Swinging Strike 0-2: Ball 1-2: SINGLE (Line Drive, 78S, EV 93.1 MPH) Alex Castaneda to second
|
|
Batting: RHB Al Pedrique
|
0-0: Ball 1-0: Foul Ball, location: 2F 1-1: Fielders Choice at 2nd, 6-4 (Groundball, 6, EV 81.9 MPH)
|
| Top of the 2nd over - 0 runs, 2 hits, 0 errors, 2 left on base; Montego Bay 0 - Managua 0 |
| BOTTOM OF THE 2ND |
|
Managua Lagoon Monsters batting - Pitching for Montego Bay Reefers : RHP Marcos Cortez
|
|
Batting: RHB Randy Ready
|
0-0: Called Strike 0-1: Ball 1-1: Foul Ball, location: 2F 1-2: Ball 2-2: Fly out, F9 (Flyball, 9S, EV 89.4 MPH)
|
|
Batting: LHB Dan Pasqua
|
0-0: Ball 1-0: Called Strike 1-1: Swinging Strike 1-2: Foul Ball, location: 2F 1-2: Ball 2-2: Strikes out swinging
|
|
Batting: RHB Marty Castillo
|
0-0: Called Strike 0-1: Called Strike 0-2: Ball 1-2: Ball 2-2: Fly out, F8 (Flyball, 8RM, EV 82.5 MPH)
|
| Bottom of the 2nd over - 0 runs, 0 hits, 0 errors, 0 left on base; Montego Bay 0 - Managua 0 |
| TOP OF THE 3RD |
|
Montego Bay Reefers batting - Pitching for Managua Lagoon Monsters : RHP Danny Ruiz
|
|
Batting: SHB Manny Galvez
|
0-0: Called Strike 0-1: Ball 1-1: Ball 2-1: Ground out 1-3 (Groundball, 13, EV 67.5 MPH)
|
|
Batting: LHB Dion James
|
0-0: Ball 1-0: Ball 2-0: Called Strike 2-1: Swinging Strike 2-2: SINGLE (Flyball, 8LS, EV 93.8 MPH)
|
|
Batting: RHB Darryl Motley
|
0-0: Ball 1-0: Ball 2-0: Fly out, F4 (Popup, 4, EV 58.8 MPH)
|
|
Batting: SHB Mickey Tettleton
|
0-0: Ball 1-0: Swinging Strike 1-1: Swinging Strike 1-2: Strikes out swinging
|
| Top of the 3rd over - 0 runs, 1 hit, 0 errors, 1 left on base; Montego Bay 0 - Managua 0 |
| BOTTOM OF THE 3RD |
|
Managua Lagoon Monsters batting - Pitching for Montego Bay Reefers : RHP Marcos Cortez
|
|
Batting: RHB Mark Carreon
|
0-0: Called Strike 0-1: Ball 1-1: Swinging Strike 1-2: Foul Ball, location: 2F 1-2: Ball 2-2: Ball 3-2: Ground out U3 (Groundball, 34S, EV 80.0 MPH)
|
|
Batting: LHB Gary Varsho
|
0-0: Swinging Strike 0-1: Ball 1-1: Called Strike 1-2: Ball 2-2: Strikes out swinging
|
|
Batting: LHB Matt Nokes
|
0-0: Called Strike 0-1: Swinging Strike 0-2: Ball 1-2: Strikes out swinging
|
| Bottom of the 3rd over - 0 runs, 0 hits, 0 errors, 0 left on base; Montego Bay 0 - Managua 0 |
| TOP OF THE 4TH |
|
Montego Bay Reefers batting - Pitching for Managua Lagoon Monsters : RHP Danny Ruiz
|
|
Batting: RHB Jim Presley
|
0-0: SINGLE (Groundball, 25, EV 73.8 MPH) (infield hit)
|
|
Batting: RHB Alvaro Espinoza
|
0-0: Called Strike Jim Presley steals 2nd base 0-1: Called Strike 0-2: Strikes out looking
|
|
Batting: LHB Alex Castaneda
|
0-0: Fly out, F8 (Flyball, 8LS, EV 81.3 MPH)
|
|
Batting: LHB Matt Hall
|
0-0: Ball 1-0: Called Strike 1-1: Foul Ball, location: 2F 1-2: Strikes out swinging
|
| Top of the 4th over - 0 runs, 1 hit, 0 errors, 1 left on base; Montego Bay 0 - Managua 0 |
| BOTTOM OF THE 4TH |
|
Managua Lagoon Monsters batting - Pitching for Montego Bay Reefers : RHP Marcos Cortez
|
|
Batting: LHB John D Morris
|
0-0: Ball 1-0: DOUBLE (Line Drive, 9D, EV 95.6 MPH)
|
|
Batting: RHB Ivan Calderon
|
0-0: Ball 1-0: Foul Ball, location: 2F 1-1: Ball 2-1: Foul Ball, location: 2F 2-2: Ground out 4-3 (Groundball, 4, EV 101.3 MPH) John D Morris to third
|
|
Batting: LHB Tom Lombarski
|
0-0: Foul Ball, location: 2F 0-1: Called Strike 0-2: Ball 1-2: Strikes out looking
|
|
Batting: RHB Randy Ready
|
0-0: Foul Ball, location: 2F 0-1: Ball 1-1: Ground out U3 (Groundball, 3, EV 107.5 MPH)
|
| Bottom of the 4th over - 0 runs, 1 hit, 0 errors, 1 left on base; Montego Bay 0 - Managua 0 |
| TOP OF THE 5TH |
|
Montego Bay Reefers batting - Pitching for Managua Lagoon Monsters : RHP Danny Ruiz
|
|
Batting: RHB Al Pedrique
|
0-0: Ball 1-0: Ball 2-0: Ball 3-0: Called Strike 3-1: Base on Balls
|
|
Batting: SHB Manny Galvez
|
0-0: Foul Ball, location: 2F 0-1: Ball 1-1: Foul Ball, location: 2F 1-2: Foul Ball, location: 2F 1-2: Ball 2-2: Foul Ball, location: 2F 2-2: Ball 3-2: Foul Ball, location: 2F 3-2: Foul Ball, location: 2F 3-2: Strikes out looking
|
|
Batting: LHB Dion James
|
0-0: Ball 1-0: Grounds into double play, 4-6-3 (Groundball, 4, EV 100.0 MPH)
|
| Top of the 5th over - 0 runs, 0 hits, 0 errors, 0 left on base; Montego Bay 0 - Managua 0 |
| BOTTOM OF THE 5TH |
|
Managua Lagoon Monsters batting - Pitching for Montego Bay Reefers : RHP Marcos Cortez
|
|
Batting: LHB Dan Pasqua
|
0-0: Ball 1-0: Ball 2-0: SINGLE (Line Drive, 34D, EV 95.0 MPH)
|
|
Batting: RHB Marty Castillo
|
0-0: Foul Ball, location: 2F 0-1: Foul Ball, location: 2F 0-2: Ball 1-2: Foul Ball, location: 2F 1-2: Fly out, F9 (Flyball, 9D, EV 91.9 MPH)
|
|
Batting: RHB Mark Carreon
|
0-0: Called Strike 0-1: Swinging Strike 0-2: Ball 1-2: Foul Ball, location: 2F 1-2: Foul Ball, location: 2F 1-2: Foul Ball, location: 2F 1-2: Ball 2-2: Ball 3-2: Base on Balls Dan Pasqua to second
|
|
Batting: LHB Gary Varsho
|
0-0: Ball 1-0: Ball 2-0: Ball 3-0: Called Strike 3-1: Swinging Strike 3-2: Foul Ball, location: 2F 3-2: Foul Ball, location: 2F 3-2: Base on Balls Dan Pasqua to third Mark Carreon to second
|
|
Pitching: LHP Stan Clarke
|
|
|
Batting: LHB Matt Nokes
|
0-0: Ball 1-0: Ball 2-0: Ball 3-0: Called Strike 3-1: Base on Balls Dan Pasqua scores Mark Carreon to third Gary Varsho to second
|
|
Batting: LHB John D Morris
|
0-0: Foul Ball, location: 2F 0-1: Foul Ball, location: 2F 0-2: Ball 1-2: Ball 2-2: Fly out, F5 (Popup, 6S, EV 69.4 MPH)
|
|
Batting: RHB Ivan Calderon
|
0-0: Called Strike 0-1: Swinging Strike 0-2: Strikes out looking
|
| Bottom of the 5th over - 1 run, 1 hit, 0 errors, 3 left on base; Montego Bay 0 - Managua 1 |
| TOP OF THE 6TH |
|
Montego Bay Reefers batting - Pitching for Managua Lagoon Monsters : RHP Danny Ruiz
|
|
Batting: RHB Darryl Motley
|
0-0: Called Strike 0-1: Ball 1-1: Swinging Strike 1-2: Ball 2-2: Strikes out swinging
|
|
Batting: SHB Mickey Tettleton
|
0-0: Ball 1-0: Foul Ball, location: 2F 1-1: Ball 2-1: Foul Ball, location: 2F 2-2: Fly out, F2 (Popup, 23F, EV 90.6 MPH)
|
|
Batting: RHB Jim Presley
|
0-0: Called Strike 0-1: Ball 1-1: Ground out 5-3 (Groundball, 56, EV 89.4 MPH)
|
| Top of the 6th over - 0 runs, 0 hits, 0 errors, 0 left on base; Montego Bay 0 - Managua 1 |
| BOTTOM OF THE 6TH |
|
Managua Lagoon Monsters batting - Pitching for Montego Bay Reefers : LHP Stan Clarke
|
|
Batting: LHB Tom Lombarski
|
0-0: Ball 1-0: Ball 2-0: Ball 3-0: Called Strike 3-1: Base on Balls
|
|
Batting: RHB Randy Ready
|
0-0: Called Strike 0-1: Foul Ball, location: 2F 0-2: TRIPLE (Flyball, 78XD, EV 105.0 MPH) Tom Lombarski scores
|
|
Batting: LHB Dan Pasqua
|
0-0: Ball 1-0: Ball 2-0: Foul Ball, location: 2F 2-1: Ball 3-1: Ground out 1-3 (Groundball, 15S, EV 66.9 MPH)
|
|
Batting: RHB Marty Castillo
|
0-0: Foul Ball, location: 2F 0-1: Ball 1-1: Ball 2-1: Called Strike 2-2: Strikes out swinging
|
|
Batting: RHB Mark Carreon
|
0-0: Ball 1-0: Called Strike 1-1: Ball 2-1: Foul Ball, location: 2F 2-2: Foul Ball, location: 2F 2-2: Foul Ball, location: 2F 2-2: Ball 3-2: Foul Ball, location: 2F 3-2: Base on Balls
|
|
Pitching: LHP Juan Valdez
|
|
|
Batting: LHB Gary Varsho
|
0-0: Ball 1-0: Ball 2-0: Ball 3-0: Called Strike 3-1: Base on Balls Mark Carreon to second
|
|
Batting: LHB Matt Nokes
|
0-0: Called Strike 0-1: Foul Ball, location: 2F 0-2: Ball 1-2: Ball 2-2: Ground out 1-3 (Groundball, 34S, EV 73.1 MPH)
|
| Bottom of the 6th over - 1 run, 1 hit, 0 errors, 3 left on base; Montego Bay 0 - Managua 2 |
| TOP OF THE 7TH |
|
Montego Bay Reefers batting - Pitching for Managua Lagoon Monsters : RHP Danny Ruiz
|
|
Batting: RHB Alvaro Espinoza
|
0-0: Swinging Strike 0-1: Swinging Strike 0-2: Fly out, F8 (Flyball, 8LS, EV 93.1 MPH)
|
|
Batting: LHB Alex Castaneda
|
0-0: SINGLE (Groundball, 4MD, EV 106.3 MPH)
|
|
Batting: LHB Matt Hall
|
0-0: Fly out, F6 (Popup, 56, EV 68.8 MPH)
|
|
Batting: RHB Al Pedrique
|
0-0: Swinging Strike 0-1: Hit by Pitch Alex Castaneda to second
|
|
Pinch Hitting: RHB Brook Jacoby
|
0-0: Foul Ball, location: 2F 0-1: Ball 1-1: Ball 2-1: Ball 3-1: Foul Ball, location: 2F 3-2: Base on Balls Alex Castaneda to third Al Pedrique to second
|
|
Batting: LHB Dion James
|
0-0: Called Strike 0-1: Swinging Strike 0-2: Strikes out looking
|
| Top of the 7th over - 0 runs, 1 hit, 0 errors, 3 left on base; Montego Bay 0 - Managua 2 |
| BOTTOM OF THE 7TH |
|
Managua Lagoon Monsters batting - Pitching for Montego Bay Reefers : LHP Juan Valdez
|
|
Now at 3B: Brook Jacoby
|
|
|
Batting: LHB John D Morris
|
0-0: Ball 1-0: Foul Ball, location: 2F 1-1: Called Strike 1-2: Fly out, F8 (Flyball, 8LM, EV 84.4 MPH)
|
|
Batting: RHB Ivan Calderon
|
0-0: Foul Ball, location: 2F 0-1: Swinging Strike 0-2: Ball 1-2: Foul Ball, location: 2F 1-2: Strikes out swinging
|
|
Batting: LHB Tom Lombarski
|
0-0: Called Strike 0-1: Ball 1-1: Fly out, F7 (Flyball, 7S, EV 88.8 MPH)
|
| Bottom of the 7th over - 0 runs, 0 hits, 0 errors, 0 left on base; Montego Bay 0 - Managua 2 |
| TOP OF THE 8TH |
|
Montego Bay Reefers batting - Pitching for Managua Lagoon Monsters : RHP Danny Ruiz
|
|
Batting: RHB Darryl Motley
|
0-0: Ball 1-0: Foul Ball, location: 2F 1-1: Ball 2-1: Foul Ball, location: 2F 2-2: Strikes out swinging
|
|
Batting: SHB Mickey Tettleton
|
0-0: Ball 1-0: Called Strike 1-1: Ball 2-1: Ball 3-1: Foul Ball, location: 2F 3-2: Base on Balls
|
|
Batting: RHB Jim Presley
|
0-0: Called Strike 0-1: Fly out, F7 (Flyball, 7D, EV 94.4 MPH)
|
|
Batting: RHB Alvaro Espinoza
|
0-0: Swinging Strike 0-1: SINGLE (Line Drive, 89S, EV 103.1 MPH) Mickey Tettleton to second Runner from 2nd tries for 3rd, SAFE, throw by RF made to third
|
|
Batting: LHB Alex Castaneda
|
0-0: Called Strike 0-1: Foul Ball, location: 2F 0-2: Strikes out looking
|
| Top of the 8th over - 0 runs, 1 hit, 0 errors, 2 left on base; Montego Bay 0 - Managua 2 |
| BOTTOM OF THE 8TH |
|
Managua Lagoon Monsters batting - Pitching for Montego Bay Reefers : LHP Juan Valdez
|
|
Pitching: RHP Geoff Combe
|
|
|
Batting: RHB Randy Ready
|
0-0: Called Strike 0-1: Ball 1-1: Ball 2-1: Foul Ball, location: 2F 2-2: Strikes out swinging
|
|
Batting: LHB Dan Pasqua
|
0-0: Ball 1-0: Swinging Strike 1-1: Ball 2-1: SINGLE (Groundball, 6MD, EV 101.3 MPH)
|
|
Batting: RHB Marty Castillo
|
0-0: Called Strike 0-1: Foul Ball, location: 2F 0-2: Ball 1-2: Foul Ball, location: 2F 1-2: Ball 2-2: Strikes out swinging
|
|
Batting: RHB Mark Carreon
|
0-0: Ball Dan Pasqua is caught stealing 2nd base 2-4
|
| Bottom of the 8th over - 0 runs, 1 hit, 0 errors, 0 left on base; Montego Bay 0 - Managua 2 |
| TOP OF THE 9TH |
|
Montego Bay Reefers batting - Pitching for Managua Lagoon Monsters : RHP Danny Ruiz
|
|
Now at 3B: Ed Hearn
|
|
|
Batting: LHB Matt Hall
|
0-0: Ball 1-0: Ball 2-0: Foul Ball, location: 2F 2-1: Foul Ball, location: 2F 2-2: Strikes out swinging
|
|
Batting: RHB Al Pedrique
|
0-0: Called Strike 0-1: Ball 1-1: Ball 2-1: Fly out, F8 (Line Drive, 8LD, EV 86.3 MPH)
|
|
Batting: RHB Brook Jacoby
|
0-0: Foul Ball, location: 2F 0-1: SOLO HOME RUN (Line Drive, 7LD, EV 102.5 MPH), Distance : 374 ft
|
|
Pitching: RHP Tom Niedenfuer
|
|
|
Batting: LHB Dion James
|
0-0: Ball 1-0: Ball 2-0: Swinging Strike 2-1: Ball 3-1: Base on Balls
|
|
Batting: RHB Darryl Motley
|
0-0: Ball Dion James is caught stealing 2nd base 2-4
|
| Top of the 9th over - 1 run, 1 hit, 0 errors, 0 left on base; Montego Bay 1 - Managua 2 |
|